 Dungeon Sprint DCSS version 0.27-a0-1456-gf5a116941d (webtiles) character file.

Game seed: 12665049230733185355

19545 mhtbhm the Executioner (level 12, -20/124 HPs)
             Began as a Hill Orc Fighter on July 5, 2021.
             Was the Champion of Beogh.
             Demolished by an orc warlord (33 damage)
             ... in the Dungeon (Sprint VII: "The Pits").
             The game lasted 00:07:11 (4700 turns).

mhtbhm the Executioner (Hill Orc Fighter)           Turns: 4700, Time: 00:07:11

Health: -20/124    AC: 18    Str: 24    XL:     12   Next: 70%
Magic:  13/13      EV: 13    Int:  8    God:    Beogh [******]
Gold:   22         SH: 15    Dex: 13    Spells: 11/11 levels left

rFire    . . .     SeeInvis .   a - +1 broad axe (vorpal)
rCold    . . .     Faith    .   c - +0 kite shield
rNeg     . . .     Spirit   .   b - +4 scale mail
rPois    .         Reflect  .   (no helmet)
rElec    .         Harm     .   q - +0 cloak
rCorr    .         Rampage  .   (no gloves)
Will     .....     NoTele   +   (no boots)
Stlth    +.........             (no amulet)
HPRegen  0.30/turn              d - +3 ring of dexterity
MPRegen  0.13/turn              n - +3 ring of protection

@: on berserk cooldown, very slightly contaminated, slowed, invisible, very slow
A: walk on water
a: Renounce Religion, Smiting, Recall Orcish Followers, Give Item to Named
Follower, Resurrection


You were in the Dungeon.
You worshipped Beogh.
Beogh was exalted by your worship.
You visited 1 branch You collected 22 gold pieces.

Inventory:

Hand Weapons
 a - a +1 vorpal broad axe (weapon)
Armour
 b - a +4 scale mail (worn)
 c - a +0 kite shield (worn)
 q - a +0 cloak (worn)
Jewellery
 d - a +3 ring of dexterity (left hand)
 g - a ring of protection from cold
 m - a ring of fire
 n - a +3 ring of protection (right hand)
Wands
 j - a wand of mindburst (12)
Scrolls
 l - 5 scrolls of amnesia
 r - 2 scrolls of enchant weapon
 t - 4 scrolls of fog
 u - 2 scrolls of identify
Potions
 e - 12 potions of curing
 f - a potion of flight
 h - 4 potions of magic
 o - 2 potions of brilliance
 p - 3 potions of mutation
 s - 7 potions of heal wounds


   Skills:
 + Level 16.8 Fighting
 + Level 21.3 Axes
 + Level 14.6 Armour
 + Level 8.2 Dodging
 + Level 3.8 Stealth
 + Level 16.1 Shields
 + Level 2.3 Invocations
 + Level 1.2 Evocations


You had 11 spell levels left.
You didn't know any spells.
Your spell library contained the following spells:

 Spells                   Type           Power      Damage    Failure   Level
 Summon Lightning Spire   Summ/Air       0%         N/A       100%        4
 Storm Form               Tmut/Air       0%         N/A       100%        7
 Maxwell's Capacitive Co  Air            0%         ∞         100%        8


Dungeon Overview and Level Annotations

Branches:
Dungeon (1/1)

Altars:
Ashenzari
Cheibriados
Dithmenos
Elyvilon
Fedhas
Gozag
Hepliaklqana
Kikubaaqudgha
Makhleb
Nemelex Xobeh
Okawaru
Qazlal
Ru
Sif Muna
Trog
Uskayaw
Vehumet
Wu Jian
Xom
Yredelemnul
Zin
The Shining One
Beogh
Jiyva
Lugonu

Annotations:
D Prince Ribbit


Message History

You slice the orc knight!!
You catch the helpless orc warlord completely off-guard!
You slash the orc warlord! The orc knight misses your orc knight.
Unknown command.
Unknown command.
You closely miss the orc warlord.
The orc warlord is heavily wounded.
You catch the helpless orc knight completely off-guard!
You slash the orc knight!
You strike the helpless orc knight from behind!
You slice the orc knight!!
You kill the orc knight!
Beogh accepts your kill.
You slash the vault guard! You slash the orc warlord!
You slice the orc knight!!
You are no longer berserk.
You are exhausted.
You feel yourself slow down.
The orc warlord hits you with a +5 battleaxe of flaming!!
* * * LOW HITPOINT WARNING * * *
The orc warlord burns you!
* * * LOW HITPOINT WARNING * * *
Your orc knight hits the orc knight with a +0 glaive!
The orc knight dies!
Beogh accepts your kill.
Your orc knight looks more experienced.
Unknown command.
As you read the scroll of fear, it crumbles to dust.
You assume a fearsome visage.
The deep elf knight looks frightened!
The vault guard looks frightened! x2; The yaktaur looks frightened! x3
The wandering mushroom is unaffected.
The vault guard looks frightened! x2
The emperor scorpion looks frightened!
The orc knight looks frightened! x3
The orc warlord looks frightened!
The orc warlord easily resists.
The vault guard resists with some effort.
The orc knight looks frightened! x2
The naga warrior resists with some effort.
The deep elf knight gives up.
The orc warlord hits you with a +5 battleaxe of flaming!!
You die...
Beogh appreciates the orc warlord's killing of a heretic priest.

++###############################
..†..........)...................
..†..........)...................
..##############''##############.
..# #......# #. ..# #......# #.
..# . #..p...# #. ..#
....###)o###p.. #. ..#


..s.opo@o.opN.. #. ..# ....peo).o.c... #. ..# ..####.o.c####. ..# #...c# ..#
##..## ### #### ############## ....#........# ....#........# You could see an
emperor scorpion (fleeing), 2 orc warlords, a naga warrior, 5 vault guards, 5
orc knights, a deep elf knight (fleeing), 3 yaktaurs and a friendly orc knight
(strong).

Vanquished Creatures
  Rupert (D)
  A death cob (D)
  A frost giant (D)
  An emperor scorpion (D)
  A yaktaur captain (D)
  A boulder beetle (D)
  A hydra (D)
  A death yak (D)
  A shadow wraith (D)
  A deep troll (D)
  A wizard (D)
  A bog body (D)
  An orc knight (D)
  A cyclops (D)
  An elephant (D)
  5 cane toads (D)
  A rime drake (D)
  An efreet (D)
  A hellwing (D)
  An ice devil (D)
  4 guardian mummies (D)
  A troll (D)
  A jumping spider (D)
  Grinder (D)
  3 snapping turtles (D)
  A spriggan (D)
  A wyvern (D)
  A tarantella (D)
  4 yaks (D)
  4 vampire mosquitoes (D)
  A basilisk (D)
  An acid dragon (D)
  A floating eye (D)
  A swamp drake (D)
  Purgy (D)
  An ice beast (D)
  A sky beast (D)
  3 wolves (D)
  2 centaurs (D)
  A phantom (D)
  A kobold brigand (D)
  2 bullfrogs (D)
  An earth elemental (D)
  10 killer bees (D)
  An iron imp (D)
  2 iguanas (D)
  A mummy (D)
  A gnoll (D)
  A white imp (D)
  2 ufetubi (D)
  2 ball pythons (D)
  3 bats (D)
  A giant cockroach (D)
  A hobgoblin (D)
  2 jackals (D)
  A kobold (D)
  3 quokkas (D)
  A ball python simulacrum (D)
  A ball python skeleton (D)
  A frilled lizard (D)
  A quokka simulacrum (D)
  2 rats (D)
99 creatures vanquished.

Vanquished Creatures (collateral kills)
  An orc knight (D)
1 creature vanquished.

Vanquished Creatures (others)
  An orc knight (D)
  An orc (D)
2 creatures vanquished.

Grand Total: 102 creatures vanquished

Notes
Turn   | Place    | Note
-------+----------+-------------------------------------------
     0 | D        | mhtbhm the Hill Orc Fighter began the quest for the Orb.
     0 | D        | Reached XP level 1. HP: 19/19 MP: 1/1
    20 | D        | Found a bloodstained altar of Trog.
    20 | D        | Found a shimmering blue altar of Sif Muna.
    20 | D        | Found a viscous altar of Jiyva.
    20 | D        | Found a hazy altar of Hepliaklqana.
    20 | D        | Found an opulent altar of Gozag.
    21 | D        | Found a glowing golden altar of the Shining One.
    21 | D        | Found a glowing silver altar of Zin.
    21 | D        | Found a basalt altar of Yredelemnul.
    21 | D        | Found a shimmering altar of Xom.
    21 | D        | Found an ornate altar of the Wu Jian Council.
    21 | D        | Found a sacrificial altar of Ru.
    21 | D        | Found a stormy altar of Qazlal.
    21 | D        | Found an iron altar of Okawaru.
    21 | D        | Found a sparkling altar of Nemelex Xobeh.
    21 | D        | Found a burning altar of Makhleb.
    21 | D        | Found a blossoming altar of Fedhas.
    21 | D        | Found a white marble altar of Elyvilon.
    21 | D        | Found a shadowy altar of Dithmenos.
    21 | D        | Found a snail-covered altar of Cheibriados.
    23 | D        | Found a radiant altar of Vehumet.
    23 | D        | Found a corrupted altar of Lugonu.
    23 | D        | Found a roughly hewn altar of Beogh.
    24 | D        | Found a hide-covered altar of Uskayaw.
    24 | D        | Found an ancient bone altar of Kikubaaqudgha.
    24 | D        | Found a broken altar of Ashenzari.
    33 | D        | Became a worshipper of Beogh the Brigand
    82 | D        | Reached skill level 3 in Axes
    88 | D        | Reached XP level 2. HP: 27/28 MP: 2/2
   100 | D        | Reached * piety under Beogh
   130 | D        | Noticed a floating eye
   136 | D        | Reached ** piety under Beogh
   138 | D        | Paralysed by a floating eye for 4 turns
   145 | D        | Killed a floating eye
   146 | D        | Reached skill level 5 in Axes
   146 | D        | Reached XP level 3. HP: 38/38 MP: 3/3
   146 | D        | Reached XP level 4. HP: 45/45 MP: 4/4
   248 | D        | Noticed an ice beast
   262 | D        | Killed an ice beast
   263 | D        | Reached skill level 6 in Axes
   263 | D        | Reached skill level 1 in Dodging
   263 | D        | Reached XP level 5. HP: 52/52 MP: 5/5
   379 | D        | Noticed a phantom
   379 | D        | Noticed Prince Ribbit
   389 | D        | Reached *** piety under Beogh
   390 | D        | Reached XP level 6. HP: 46/61 MP: 6/6
   406 | D        | Reached skill level 7 in Axes
   421 | D        | Reached **** piety under Beogh
   548 | D        | Noticed an acid dragon
   564 | D        | Killed an acid dragon
   565 | D        | Reached skill level 8 in Axes
   565 | D        | Reached XP level 7. HP: 33/69 MP: 7/7
   777 | D        | Noticed Purgy
   784 | D        | Reached ***** piety under Beogh
   788 | D        | Killed Purgy
   789 | D        | Reached skill level 9 in Axes
   821 | D        | Noticed Grinder
   821 | D        | Noticed a cane toad
   824 | D        | Noticed an efreet
   829 | D        | Killed Grinder
   830 | D        | Reached skill level 10 in Axes
   830 | D        | Reached skill level 10 in Armour
   832 | D        | Killed a cane toad
   833 | D        | Reached skill level 11 in Axes
   833 | D        | Reached skill level 10 in Shields
   833 | D        | Reached XP level 8. HP: 56/78 MP: 8/8
   837 | D        | Killed an efreet
   838 | D        | Reached skill level 12 in Axes
  1048 | D        | Noticed a wyvern
  1049 | D        | Noticed a cane toad
  1057 | D        | Killed a cane toad
  1059 | D        | Killed a wyvern
  1060 | D        | Reached skill level 13 in Axes
  1060 | D        | Reached XP level 9. HP: 58/85 MP: 9/9
  1174 | D        | Noticed a guardian mummy
  1181 | D        | Killed a guardian mummy
  1260 | D        | HP: 4/85 [snapping turtle (22)]
  1273 | D        | Reached ****** piety under Beogh
  1280 | D        | Killed a shadow wraith
  1281 | D        | Reached skill level 10 in Fighting
  1281 | D        | Reached skill level 14 in Axes
  1281 | D        | Reached skill level 5 in Dodging
  1281 | D        | Reached skill level 1 in Stealth
  1754 | D        | Reached skill level 15 in Axes
  1872 | D        | Noticed a bog body
  1872 | D        | Noticed a deep troll
  1872 | D        | Noticed a six-headed hydra
  1880 | D        | Killed an 11-headed hydra
  1881 | D        | Reached XP level 10. HP: 96/96 MP: 10/10
  1886 | D        | Killed a bog body
  1887 | D        | Reached skill level 16 in Axes
  1888 | D        | Killed a deep troll
  2201 | D        | Noticed a cane toad
  2201 | D        | Noticed a death yak
  2205 | D        | Killed a cane toad
  2226 | D        | Killed a death yak
  2227 | D        | Reached skill level 17 in Axes
  2390 | D        | Noticed a boulder beetle
  2418 | D        | Killed a boulder beetle
  2419 | D        | Reached XP level 11. HP: 14/107 MP: 11/11
  2890 | D        | Reached skill level 18 in Axes
  3095 | D        | Reached skill level 19 in Axes
  3185 | D        | Noticed a cyclops
  3191 | D        | Killed a cyclops
  3753 | D        | Reached skill level 15 in Fighting
  3993 | D        | Noticed an emperor scorpion
  4018 | D        | Killed an emperor scorpion
  4019 | D        | Reached skill level 20 in Axes
  4107 | D        | Reached skill level 1 in Invocations
  4108 | D        | Reached XP level 12. HP: 116/121 MP: 12/12
  4112 | D        | Noticed a death cob
  4131 | D        | Killed a death cob
  4132 | D        | Reached skill level 15 in Shields
  4372 | D        | Noticed a frost giant
  4372 | D        | Noticed Rupert
  4381 | D        | Paralysed by Rupert for 2 turns
  4387 | D        | Killed a frost giant
  4389 | D        | Killed Rupert
  4390 | D        | Reached skill level 21 in Axes
  4390 | D        | Reached skill level 1 in Evocations
  4681 | D        | Noticed an orc warlord
  4681 | D        | Noticed an orc warlord
  4684 | D        | Noticed a yaktaur captain
  4684 | D        | Noticed a vault guard
  4691 | D        | Noticed a deep elf knight
  4691 | D        | Noticed a vault guard
  4691 | D        | Noticed a vault guard
  4691 | D        | Noticed a vault guard
  4691 | D        | Noticed a vault guard
  4694 | D        | Killed a yaktaur captain
  4695 | D        | Noticed a deep elf knight
  4695 | D        | Noticed a naga warrior
  4695 | D        | Noticed an emperor scorpion
  4700 | D        | Demolished by an orc warlord

Illustrated notes

Levels and vault maps discovered:
D:        pitsprint [storerooms_1, entrance_room_1, metal_vault_8, armoury_1,
          mini_pit_1, grid_room_1, main_hall_1, silver_pit, the_coven_1,
          the_vestibule_1, steel_vault_1, golden_pit, hallway_of_sentries,
          crystal_vault_5, iron_vault_3, final_vault]

Skill      XL: |  1  2  3  4  5  6  7  8  9 10 11 12 |
---------------+-------------------------------------+-----
Fighting       | 4 6 7 8 9 11 13 15 16 | 16.8
Axes           | 3 5 6 8 11 13 15 17 20 21 | 21.3
Armour         | 4 6 7 9 10 11 12 13 14 | 14.6
Shields        | 6 7 9 10 12 13 14 16 | 16.1
Dodging        | 1 2 3 4 5 6 7 8 |  8.2
Stealth        | 1 2 3 |  3.8
Invocations    | 1 2 |  2.3
Evocations     | 1 |  1.2

Action                   |  1- 3 |  4- 6 |  7- 9 | 10-12 || total
-------------------------+-------+-------+-------+-------++-------
Melee: Hand axe          |    28 |    57 |    22 |       ||   107
       War axe           |     1 |       |       |       ||     1
       Broad axe         |       |       |    73 |   251 ||   324
Invok: Smiting           |       |       |       |     1 ||     1
Evoke: Wand              |       |       |       |     2 ||     2
  Use: Potion            |       |     3 |     9 |     9 ||    21
       Scroll            |       |       |     2 |     2 ||     4
 Stab: Invisible         |       |       |       |     8 ||     8
Armor: Scale mail        |    12 |     5 |    35 |    58 ||   110
       Chain mail        |       |    15 |     8 |       ||    23
Dodge: Dodged            |    10 |    11 |    38 |    80 ||   139
Block: Kite shield       |    19 |    20 |    63 |   141 ||   243

Table legend: (Time is in decaauts)
 A = Elapsed time spent in this place.
 B = Non-inter-level travel time spent in this place.
 C = Inter-level travel time spent in this place.
 D = Time resting spent in this place.
 E = Time spent auto-exploring this place.
 F = Levels seen in this place.
 G = Mean time per level.
                   A        B        C        D        E       F      G
               +--------+--------+--------+--------+--------+-----+--------+
         Total |   4719 |   4719 |      0 |   3549 |     33 |   1 | 4719.0 |
       Dungeon |   4719 |   4719 |      0 |   3549 |     33 |   1 | 4719.0 |
               +--------+--------+--------+--------+--------+-----+--------+

Top non-repeatable levels by time:
       D: 4719 daAuts
